 Dungeon Sprint DCSS version 0.21-a0-201-g8501b10 (webtiles) character file.

182 Kidiri the Thaumaturge (level 5, -9/32 HPs)
             Began as a Deep Elf Fire Elementalist on Aug 18, 2017.
             Was an Initiate of Vehumet.
             Killed from afar by a deep elf mage (36 damage)
             ... with a bolt of lightning
             ... in the Dungeon (Sprint III: "The Ten Rune Challenge").
             The game lasted 00:03:19 (562 turns).

Kidiri the Thaumaturge (Deep Elf Fire Elementalist)  Turns: 562, Time: 00:03:20

Health: -9/32      AC:  3    Str:  5    XL:     5   Next: 34%
Magic:  13/17      EV: 15    Int: 23    God:    Vehumet [......]
Gold:   43         SH:  0    Dex: 15    Spells: 2/20 levels left

rFire    + . .     SeeInvis .   j - +0 dagger
rCold    . . .     Gourm    .   (no shield)
rNeg     . . .     Faith    .   a - +0 robe {rF+}
rPois    .         Spirit   .   (no helmet)
rElec    .         Reflect  .   e - +0 cloak
rCorr    .         Harm     .   (no gloves)
MR       .....     NoTele   +   (no boots)
Stlth    ++........             (no amulet)
HPRegen  0.10/turn              (no ring)
MPRegen  0.15/turn              (no ring)

@: no status effects
A: clever 1, mutation resistance 1
a: Renounce Religion


You were in the Dungeon.
You worshipped Vehumet.
Vehumet was noncommittal.
You were not hungry.

You visited 1 branch You collected 43 gold pieces.

Inventory:

Hand Weapons
 j - a +0 dagger (weapon)
Armour
 a - a +0 robe of fire resistance (worn)
 e - a +0 cloak (worn)
Scrolls
 i - a scroll of blinking
 l - 2 scrolls of holy word
 m - a scroll of identify
 p - 2 scrolls of remove curse
Potions
 f - a potion of haste
 g - 2 potions of magic
 h - a potion of berserk rage
 k - 2 potions of mutation
 o - 4 potions of flight
Comestibles
 c - a bread ration
 d - a chunk of flesh
 n - a royal jelly
 q - a meat ration


   Skills:
 + Level 3.3 Fighting
 + Level 0.0 Short Blades
 + Level 3.1 Armour
 + Level 5.2 Dodging
 - Level 2.4 Stealth
 * Level 8.2 Spellcasting
 + Level 4.6 Conjurations
 + Level 5.5 Fire Magic


You had 2 spell levels left.
You knew the following spells:

 Your Spells              Type           Power        Failure   Level  Hunger
a - Flame Tongue          Conj/Fire      ####.        1%          1    None
b - Throw Flame           Conj/Fire      ####..       1%          2    None
c - Conjure Flame         Conj/Fire      ####....     2%          3    None
d - Inner Flame           Hex/Fire       ###.....     6%          3    None
e - Sticky Flame          Conj/Fire      ####....     9%          4    ###....
f - Fireball              Conj/Fire      ####......   22%         5    #####..


Dungeon Overview and Level Annotations

Branches:
Dungeon (1/1)

Altars:
Elyvilon
Kikubaaqudgha
Sif Muna
Vehumet
Zin
The Shining One


Innate Abilities, Weirdness & Mutations

Your mind is acute. (Int +2)
You are somewhat resistant to further mutation.


Message History

The deep elf mage shouts!
The deep elf mage picks up a potion of heal wounds.
Found two altars.
There is an open door here.
The deep elf mage hits you with a long sword of holy wrath.
Casting: Flame Tongue
Confirm with . or Enter, or press ? or * to list all spells.
Aiming: Sticky Flame
Press: ? - help, Shift-Dir - straight line, f - deep elf mage
Aim: a deep elf mage, wielding a long sword of holy wrath The sticky flame hits the deep elf mage.
The deep elf mage is lightly wounded.
The deep elf mage is covered in liquid flames!
The deep elf mage burns!
The deep elf mage hits you but does no damage.
The deep elf mage burns!
The deep elf mage points at you and mumbles some strange words.
The bolt of lightning hits you!
Ouch! That really hurt!
You die...

▓▓▓▓▓▓▓▓ ▓▓▓ .+...♣.♣♣
♣.##### .#....♣.♣
♣.#___# ##....♣♣♣
♣.#e..#
.#....≈.♣♣♣♣.###@#+###+#
.#...≈≈♣♣♣...#..........
.#..≈≈≈≈..♣♣.'.⌠........
'#..≈≈≈≈≈≈.♣.#...######+
.#.≈≈≈≈≈≈....#.⌠.#
.#)≈≈≈≈≈.....#...#
.#.≈≈≈.......#+###
##...........#[:.#
.............#___#


You could see a deep elf mage (burning).

Vanquished Creatures
  A water elemental (D)
  Crazy Yiuf (D)
  A wizard (D)
  Jessica (D)
  A human (D)
  A kobold demonologist (D)
  An ooze (D)
  2 rats (D)
9 creatures vanquished.

Vanquished Creatures (others)
  2 draconian scorchers (D)
  6 hellions (D)
  2 yaktaurs (D)
10 creatures vanquished.

Grand Total: 19 creatures vanquished

Notes
Turn   | Place    | Note
-------+----------+-------------------------------------------
     0 | D        | Kidiri the Deep Elf Fire Elementalist began the quest for the Orb.
     0 | D        | Reached XP level 1. HP: 10/10 MP: 6/6
    38 | D        | Killed a yaktaur
    54 | D        | Killed a yaktaur
    72 | D        | Noticed Jessica
    74 | D        | Reached skill level 4 in Spellcasting
    81 | D        | Killed Jessica
    81 | D        | Reached skill level 1 in Fighting
    81 | D        | Reached skill level 1 in Armour
    81 | D        | Reached skill level 5 in Spellcasting
    81 | D        | Reached XP level 2. HP: 10/16 MP: 0/10
    81 | D        | Reached XP level 3. HP: 13/20 MP: 0/11
    85 | D        | Learned a level 2 spell: Throw Flame
    89 | D        | Learned a level 3 spell: Conjure Flame
    93 | D        | Learned a level 3 spell: Inner Flame
   110 | D        | Killed a hellion
   120 | D        | Killed a hellion
   129 | D        | Killed a hellion
   139 | D        | Killed a white draconian scorcher
   152 | D        | Killed a white draconian scorcher
   178 | D        | Killed a hellion
   244 | D        | Killed a hellion
   246 | D        | Killed a hellion
   346 | D        | Noticed Crazy Yiuf
   357 | D        | Killed Crazy Yiuf
   357 | D        | Reached skill level 6 in Spellcasting
   357 | D        | Reached XP level 4. HP: 27/27 MP: 3/14
   363 | D        | Learned a level 4 spell: Sticky Flame
   390 | D        | Gained mutation: Your system is resistant to poisons. (rPois) [potion of mutation]
   390 | D        | Gained mutation: You are partially covered in rugged brown scales. (AC +1, +3% HP) [potion of mutation]
   394 | D        | Lost mutation: You are partially covered in rugged brown scales. (AC +1, +3% HP) [potion of mutation]
   394 | D        | Lost mutation: Your system is resistant to poisons. (rPois) [potion of mutation]
   394 | D        | Gained mutation: You occasionally shout uncontrollably at your foes. [potion of mutation]
   394 | D        | Gained mutation: Your body sometimes deteriorates upon taking damage. [potion of mutation]
   394 | D        | Gained mutation: You are somewhat resistant to further mutation. [potion of mutation]
   395 | D        | Lost mutation: Your body sometimes deteriorates upon taking damage. [potion of mutation]
   395 | D        | Lost mutation: You occasionally shout uncontrollably at your foes. [potion of mutation]
   395 | D        | Gained mutation: Your mind is acute. (Int +2) [potion of mutation]
   432 | D        | Noticed a water elemental
   437 | D        | Killed a water elemental
   437 | D        | Reached skill level 7 in Spellcasting
   437 | D        | Reached skill level 5 in Fire Magic
   483 | D        | Found a radiant altar of Vehumet.
   484 | D        | Noticed a wizard
   485 | D        | Killed a wizard
   485 | D        | Reached skill level 5 in Dodging
   485 | D        | Reached XP level 5. HP: 32/32 MP: 11/17
   486 | D        | Found a deep blue altar of Sif Muna.
   486 | D        | Found an ancient bone altar of Kikubaaqudgha.
   488 | D        | Reached skill level 8 in Spellcasting
   503 | D        | Learned a level 5 spell: Fireball
   509 | D        | Became a worshipper of Vehumet
   558 | D        | Found a glowing silver altar of Zin.
   559 | D        | Found a glowing golden altar of the Shining One.
   559 | D        | Found a white marble altar of Elyvilon.
   559 | D        | Noticed a deep elf mage
   562 | D        | Killed from afar by a deep elf mage

Vault maps used:
D:        dungeon_sprint_mu

Skill      XL: |  1  2  3  4  5 |
---------------+----------------+-----
Spellcasting   | 5 6 7 8 |  8.2
Fighting       | 1 2 3 |  3.3
Armour         | 1 2 3 |  3.1
Dodging        | 3 4 5 |  5.2
Conjurations   | 2 3 4 |  4.6
Fire Magic     | 4 5 |  5.5
Stealth        | |  2.4

Action                   |  1- 3 |  4- 6 || total
-------------------------+-------+-------++-------
Melee: Unarmed           |     2 |     1 ||     3
 Cast: Flame Tongue      |    27 |     6 ||    33
       Throw Flame       |     4 |       ||     4
       Sticky Flame      |       |     3 ||     3
       Conjure Flame     |       |     1 ||     1
  Use: Potion            |     2 |     3 ||     5
       Scroll            |       |     3 ||     3
Armor: Robe              |     2 |     1 ||     3
Dodge: Dodged            |    11 |     1 ||    12
